 Dungeon Crawl Stone Soup version 0.29.1-2-gbd0b4ee654 (webtiles) character file.

Game seed: 9489314049624151270

39 xian the Trooper (level 3, 0/30 HPs)
             Began as a Demonspawn Abyssal Knight on Nov 4, 2022.
             Was a Priest of Lugonu.
             Slain by a gnoll
             ... wielding a +0 spear
              (5 damage)
             ... on level 2 of the Dungeon.
             The game lasted 00:02:42 (1409 turns).

xian the Trooper (Demonspawn Abyssal Knight)        Turns: 1409, Time: 00:02:42

Health: 0/30       AC:  3    Str: 15    XL:     3   Next: 26%
Magic:  4/4        EV: 11    Int: 11    God:    Lugonu [***...]
Gold:   124        SH:  0    Dex: 13    Spells: 2/2 levels left

rFire   . . .      SeeInvis .   g - +5 dagger
rCold   . . .      Faith    .   (no shield)
rNeg    . . .      Spirit   .   b - +0 leather armour
rPois   .          Reflect  .   (no helmet)
rElec   .          Harm     .   (no cloak)
rCorr   .          Rampage  .   (no gloves)
Will    .....                   (no boots)
Stlth   +.........              (no amulet)
HPRegen 0.10/turn               (no ring)
MPRegen 0.09/turn               (no ring)

@: no status effects
A: ignite blood 1, demonic touch 1
a: Renounce Religion, Depart the Abyss, Bend Space, Banish


You were on level 2 of the Dungeon.
You worshipped Lugonu.
Lugonu was most pleased with you.
You visited 1 branch of the dungeon, and saw 2 of its levels.
You visited the Abyss 1 time.

You collected 124 gold pieces.

Inventory:

Hand Weapons
 a - a +1 hand axe
 g - a +5 dagger (weapon)
Armour
 b - a +0 leather armour (worn)
 e - a +0 chain mail
Magical Staves
 k - a staff of cold
Scrolls
 c - a scroll of identify {unknown}
 f - a scroll of enchant armour {unknown}
 h - a scroll of torment {unknown}
 l - a scroll of poison {unknown}
 n - a scroll of enchant weapon {unknown}
 o - a scroll of vulnerability {unknown}
Potions
 i - a potion of lignification {unknown}
 m - a potion of haste {unknown}


   Skills:
 + Level 3.8 Fighting
 + Level 0.7 Short Blades
 + Level 1.9 Axes
 + Level 2.0 Armour
 + Level 1.1 Dodging
 + Level 0.1 Stealth
 * Level 2.6 Invocations


You had 2 spell levels left.
You didn't know any spells.
Your spell library contained the following spells:

 Spells                   Type           Power      Damage    Failure   Level
 Iskenderun's Battlesphe  Conj           0%         2d6       100%        5
 Iron Shot                Conj/Erth      0%         9d1       100%        6
 Spellforged Servitor     Conj/Summ      0%         N/A       100%        7


Dungeon Overview and Level Annotations

Branches:
Dungeon (2/15)

Altars:


Innate Abilities, Weirdness & Mutations

Your demonic aura sometimes causes spilled blood to erupt in flames.
Your touch may inflict minor irresistible damage on your foes.


Message History

You add the spells Iskenderun's Battlesphere, Iron Shot and Spellforged Servitor to your library.
Things that are here:
a +0 short sword; a kobold corpse You see here a +0 hand axe.
A gnoll comes into view. It is wielding a +0 spear.
The gnoll shouts!
You hear an angry hiss.
A goblin comes into view.
It is wielding a +0 dagger of draining. 2 gnolls come into view.
The gnoll shouts!
You hear an angry hiss.
The gnoll throws a throwing net.
The throwing net closely misses you.
You see here a throwing net.
The goblin shouts!
A frilled lizard comes into view.
The frilled lizard hisses angrily.
You throw a poisoned dart. The poisoned dart hits the gnoll.
You throw a poisoned dart.
The poisoned dart closely misses the gnoll.
The poisoned dart barely misses the goblin.
The poisoned dart hits the frilled lizard.
The gnoll barely misses you.
You throw a poisoned dart.
The poisoned dart barely misses the gnoll.
The poisoned dart barely misses the goblin.
The poisoned dart hits the frilled lizard.
The gnoll hits you from afar with a +0 spear!
It was a potion of heal wounds.
You feel much better.
The gnoll hits you from afar with a +0 spear!
Unknown command.
The gnoll hits you with a +0 spear.
The gnoll hits you from afar with a +0 spear.
You hit the gnoll.
The gnoll is lightly wounded.
The gnoll hits you with a +0 spear.
The gnoll hits you from afar with a +0 spear.
You puncture the gnoll!
The gnoll is severely wounded.
The gnoll hits you with a +0 spear!
* * * LOW HITPOINT WARNING * * *
The gnoll hits you from afar with a +0 spear.
You die...

#.......# ....... .
#........ ...gg.. #.
##..#.#.. ....... #.#
####..##.#.. .......
#..###........##. .......
##...#.........#. ....)..
.................
.....lg######...........#
....(ggg@..#.............
####..####...#........#.#
#.........#........#..
....######<#........##.
## #.#........###
#....#.###....
..<.........##.
............###.
...##.......# ##


You could see 3 gnolls, a goblin and a frilled lizard.

Vanquished Creatures
  An adder (D:2)
  A dart slug (D:1)
  3 ball pythons (D:1)
  An endoplasm (D:2)
  2 giant cockroaches (D:1)
  3 goblins
  3 hobgoblins (D:1)
  4 bats
  3 frilled lizards
  4 kobolds
  A rat (D:1)
26 creatures vanquished.

Notes
Turn   | Place    | Note
-------+----------+-------------------------------------------
     0 | Abyss:1  | xian the Demonspawn Abyssal Knight began the quest for the
                  | Orb.
     0 | Abyss:1  | Reached XP level 1. HP: 18/18 MP: 2/2
     1 | D:1      | Escaped the Abyss
    64 | D:1      | Found a faded altar of an unknown god.
   286 | D:1      | Gained mutation: Your demonic aura sometimes causes spilled
                  | blood to erupt in flames. [demonic ancestry]
   286 | D:1      | Reached XP level 2. HP: 24/24 MP: 3/3
   732 | D:1      | Reached skill level 1 in Dodging
   997 | D:2      | Reached *** piety under Lugonu
  1257 | D:2      | Gained mutation: Your touch may inflict minor irresistible
                  | damage on your foes. [demonic ancestry]
  1257 | D:2      | Reached XP level 3. HP: 28/30 MP: 4/4
  1409 | D:2      | Slain by a gnoll

Illustrated notes

Levels and vault maps discovered:
D:1:      minmay_arrival_loop, layout_loops_ring, ebering_ecumenical_altar_rust,
          dreamdust_wishing_well
D:2:      layout_rooms, kennysheep_generic_room_13

Skill      XL: |  1  2  3 |
---------------+----------+-----
Dodging        | 1 |  1.1
Armour         | 2 |  2.0
Fighting       | |  3.8
Short Blades   | |  0.7
Axes           | |  1.9
Stealth        | |  0.1
Invocations    | |  2.6

Action                   || total
-------------------------++-------
Melee: Dagger            ||    62
       Touch             ||     1
Throw: Dart              ||     4
  Use: Potion            ||     1
Armor: Leather armour    ||    19
Dodge: Dodged            ||    33
